[Event "Czech Open-E Teams 2022"]
[Site "Pardubice"]
[Date "2022.07.17"]
[Round "7.36"]
[White "Svadlenka, Jaroslav"]
[Black "Kurek, Pavel"]
[Result "0-1"]
[ECO "B22"]
[WhiteElo "1872"]
[BlackElo "1829"]
[Annotator "NA COMBH"]
[PlyCount "100"]
[EventDate "2022.07.14"]
[EventType "team-tourn"]
[EventCountry "CZE"]
[SourceTitle "playchess.com"]
[Source "ChessBase"]
[SourceQuality "1"]
[TimeControl "5400+30"]

1. e4 c5 2. c3 d5 3. exd5 Qxd5 4. d4 Nc6 5. Nf3 Bg4 6. Be2 e6 7. Na3 cxd4 8. Nb5 O-O-O 9. Nbxd4 Bc5 10. Qc2 Nge7 11. O-O Bxd4 12. cxd4 Nf5 13. h3 Bxf3 14. Bxf3 Nfxd4 15. Bxd5 Nxc2 16. Bxc6 Nxa1 17. Be4 Rd4 18. Bf3 Nc2 19. a3 Rhd8 20. b4 Rc4 21. Be2 Re4 22. Bd1 Ne1 23. Bb3 Rd3 24. Ba4 a6 25. Be8 f6 26. Be3 Nc2 27. Rc1 Rc4 28. Bf7 Kd7 29. Bc5 Rcc3 30. Bg8 Nd4 31. Re1 Rc1 32. Bxe6+ Kc6 33. Rxc1 Ne2+ 34. Kh2 Nxc1 35. Bf5 Rxa3 36. Be4+ Kb5 37. Bxb7 Nd3 38. Bf8 Nxf2 39. Bxg7 f5 40. Bf8 Nd3 41. Bc8 f4 42. Bd6 Ra2 43. Bg4 Ne1 44. Bxf4 Rxg2+ 45. Kh1 Kxb4 46. Bd6+ Kc4 47. Be6+ Kd4 48. Bc7 Rc2 49. Bb6+ Ke5 50. Bg8 Nf3 0-1

[Event "Czech Open-E Teams 2022"]
[Site "Pardubice"]
[Date "2022.07.17"]
[Round "7.37"]
[White "Slampa, Jan"]
[Black "Kacirek, Petr"]
[Result "1/2-1/2"]
[ECO "D31"]
[WhiteElo "2254"]
[BlackElo "2245"]
[Annotator "ChessBase"]
[PlyCount "76"]
[EventDate "2022.07.14"]
[EventType "team-tourn"]
[EventCountry "CZE"]
[SourceTitle "playchess.com"]
[Source "ChessBase"]
[SourceQuality "1"]
[TimeControl "5400+30"]

1. d4 e6 2. c4 d5 3. Nc3 c6 4. Nf3 f5 5. Bf4 Nf6 6. e3 Be7 7. Bd3 O-O 8. Qc2 b6 9. h3 Ba6 10. b3 Ne4 11. O-O Nd7 12. Ne2 Rc8 13. a4 Bb4 14. a5 bxa5 15. c5 Bxd3 16. Qxd3 g5 17. Bh2 g4 18. hxg4 fxg4 19. Ne5 g3 20. Bxg3 Nxg3 21. Nxg3 Nxe5 22. dxe5 Qg5 23. Qd4 Rc7 24. Ne2 Rg7 25. g3 Qh5 26. Ra2 Qf3 27. Nf4 Rf5 28. Rc2 Rgg5 29. Qd1 Qe4 30. Ng2 Rg7 31. f3 Qxe5 32. g4 Rf8 33. Qd3 Qf6 34. Nf4 Qe7 35. Nh5 Rg6 36. Nf4 Rg7 37. Nh5 Rg6 38. Nf4 Rg5 1/2-1/2

[Event "Czech Open-E Teams 2022"]
[Site "Pardubice"]
[Date "2022.07.17"]
[Round "7.38"]
[White "Horak, Jan"]
[Black "Jedlicka, Ales"]
[Result "1/2-1/2"]
[ECO "B23"]
[WhiteElo "2163"]
[BlackElo "2216"]
[Annotator "ChessBase"]
[PlyCount "83"]
[EventDate "2022.07.14"]
[EventType "team-tourn"]
[EventCountry "CZE"]
[SourceTitle "playchess.com"]
[Source "ChessBase"]
[SourceQuality "1"]
[TimeControl "5400+30"]

1. e4 c5 2. Nc3 a6 3. Bc4 e6 4. a4 Nc6 5. Nf3 Qc7 6. O-O Nge7 7. d3 Ng6 8. Be3 Be7 9. Qd2 b6 10. Bb3 O-O 11. Ne1 Bb7 12. f4 Nd4 13. Ba2 f5 14. Nf3 Bf6 15. Ng5 Bxg5 16. fxg5 Kh8 17. Rac1 f4 18. Bxd4 cxd4 19. Ne2 Qe5 20. Rf3 Qxg5 21. Nxd4 Nh4 22. Rh3 Qf6 23. c3 g5 24. Qf2 Ng6 25. g3 Ne5 26. Rd1 Ng4 27. Qf3 Ne3 28. Qh5 Rf7 29. e5 Qg7 30. Bxe6 dxe6 31. Nxe6 Qg8 32. Re1 g4 33. Rh4 fxg3 34. Rxe3 g2 35. Re1 Raf8 36. Nxf8 Qxf8 37. Qxf7 Qxf7 38. Rxg4 h5 39. Rg3 Bd5 40. Rge3 Be6 41. Re4 Qf5 42. R4e3 1/2-1/2

[Event "Czech Open-E Teams 2022"]
[Site "Pardubice"]
[Date "2022.07.17"]
[Round "7.39"]
[White "Vala, Filip"]
[Black "Volak, Simon"]
[Result "0-1"]
[ECO "E98"]
[WhiteElo "2139"]
[BlackElo "2082"]
[Annotator "TA"]
[PlyCount "114"]
[EventDate "2022.07.14"]
[EventType "team-tourn"]
[EventCountry "CZE"]
[SourceTitle "playchess.com"]
[Source "ChessBase"]
[SourceQuality "1"]
[TimeControl "5400+30"]

1. d4 Nf6 2. Nf3 g6 3. c4 Bg7 4. Nc3 d6 5. e4 O-O 6. Be2 e5 7. O-O Nc6 8. d5 Ne7 9. Ne1 Ne8 10. Be3 f5 11. f3 f4 12. Bf2 g5 13. a4 Nf6 14. a5 h5 15. c5 g4 {[%emt 0:10:40] E99: King's Indian: Classical Main Line: 9 Ne1 Nd7 10 f3 f5.} 16. Nb5 Ng6 {[%emt 0:10:37] [#]} (16... g3 $1 $14 17. hxg3 fxg3 18. Bxg3 a6) 17. Qc2 $146 (17. cxd6 $16 cxd6 18. Bxa7) ({Predecessor:} 17. cxd6 cxd6 18. Nxa7 g3 19. Bb6 gxh2+ 20. Kxh2 Qe7 21. Nxc8 Raxc8 22. a6 bxa6 23. Rxa6 Nd7 24. Bf2 Bf6 25. Nd3 Bh4 {0-1 (40) Lavrov,A (2385)-Kecskes,G (2220) Nagykanizsa 1993}) 17... Ne8 (17... a6 $11 18. cxd6 axb5 19. dxc7 Qd7) 18. cxd6 (18. a6 $5) 18... cxd6 19. g3 (19. Bxa7 Qh4 $16) (19. Qd2 $11) 19... gxf3 20. Bxf3 fxg3 21. Bxg3 h4 22. Bf2 (22. Bh5 $2 Rxf1+ 23. Kxf1 Bh3+ 24. Kg1 Qg5 25. Bxg6 Qxg6 $19) 22... Bh3 $1 23. Bg2 Nf4 (23... Bd7 $1 $17 24. Nc3 h3) 24. Kh1 Qg5 ({Black should play} 24... Nxg2 $17 25. Nxg2 Qd7) 25. Be3 $11 {[%emt 0:10:43] And now Bxh3 would win.} Bd7 26. Nc3 Nf6 27. Rg1 Qh6 {[%emt 0:01:28] Threatens to win with ...N6h5.} (27... Ng4 $5 28. Bxf4 Qxf4 $11) 28. Bf3 Kh8 29. Nd3 N6h5 $1 {[%emt 0:00:23][%cal Oh5g3] White must now prevent ...Ng3+!} 30. Ne2 {[%emt 0:00:41] Against Ng3+} Qh7 (30... Bb5 $1 $11 {keeps the balance.} 31. Ra3 Bxd3 32. Rxd3 Qh7 33. Bxf4 Nxf4) 31. Nexf4 $2 (31. Bxf4 $16 {[%cal Og1g5] Strongly threatening Rg5!} exf4 32. Rg5) 31... exf4 (31... Ng3+ $1 $17 32. Kg2 (32. Rxg3 $2 hxg3 33. Ng6+ Qxg6 $19) 32... Rac8) 32. Bf2 $2 {[%emt 0:00:30][%mdl 8192] [#]} (32. Rg5 $11 Ng3+ 33. hxg3 fxe3 34. Rh5 Rxf3 35. Rxh7+ Kxh7 36. Qc7 (36. gxh4 $2 Rh3+ 37. Kg1 Bd4 $19)) 32... Rac8 (32... Ng3+ $142 $1 33. Bxg3 fxg3) 33. Qd1 $2 {[%emt 0:00:30] [#]} (33. Rxg7 Rxc2 34. Rxh7+ Kxh7 35. Bxh4 (35. Bxh5 $2 Bb5 $19)) 33... Ng3+ $1 $19 34. Bxg3 hxg3 (34... fxg3 $2 35. Qe2 $19) 35. Rg2 Bh3 36. Rd2 (36. Re2 $142) 36... Bd7 $2 (36... Bd4 $19 {...Be3 is the strong threat.} 37. Rc1 (37. Nxf4 $2 Rxf4 38. a6 bxa6 $19) 37... Rce8) 37. Rc1 $2 (37. Rg2 $1 $11 {and White is okay.}) 37... Rxc1 38. Qxc1 Bd4 39. Rg2 (39. Qc7 $142 Bf2 40. Qc3+ Kg8 41. Rxf2 gxf2 42. Nxf2) 39... Bh3 40. Re2 (40. Rc2 $142 Qh4 41. Qd2) 40... Be3 {[%emt 0:01:04] A strong pair of Bishops.} 41. Qc3+ Kg8 42. Ne1 Bf1 (42... Bf2 $142 43. Rc2 {[#]} Bg4 $1 44. Rxf2 gxf2 45. Kg2 fxe1=N+ 46. Qxe1 Qh3+ 47. Kg1 Bxf3 48. Qf1 Qg4+ 49. Kf2 Rc8 50. Ke1 Rc2 51. Qh3 Qg1+ 52. Qf1 Qe3+ 53. Qe2 Qxe2#) 43. Rc2 Qg6 (43... Qh3 $142 44. Bg4 Qxg4 45. a6 Bf2 46. Qg7+ Qxg7 47. Ng2 f3 48. Rxf2 gxf2 49. axb7 fxg2#) 44. Ng2 gxh2 $2 (44... Qh6 $19 {[%csl Gg3][%cal Rh6h2] has better winning chances.} 45. h4 Bxg2+ 46. Kxg2 Qxh4) 45. Qe1 $17 Bd3 {[%emt 0:00:34][%csl LRc2,LRe4] Chess con chili. Black is much more active.} 46. Nxe3 {[%emt 0:00:33] aiming for Rg2.} Qg1+ (46... fxe3 $2 47. Rg2 Qxg2+ 48. Kxg2 $18) 47. Qxg1+ hxg1=Q+ 48. Kxg1 {[%emt 0:00:02] Hoping for Rg2+.} fxe3 {[%emt 0:00:15][%mdl 4096] Endgame KRB-KRB} 49. Rg2+ Kh7 50. Rg3 (50. Be2 $17 {keeps fighting.} Bxe4 51. Rg3) 50... Kh6 $19 51. Kg2 e2 (51... Rf6 $19 52. b3 Rf8) 52. Rh3+ Kg7 53. Rg3+ (53. Kf2 $1 $11) 53... Kh6 54. Rh3+ Kg5 55. Rh1 (55. Kf2 $15) 55... Kf4 56. Kf2 Ke5 57. Re1 (57. Rh5+ $142 Kd4 58. Rf5) 57... Bxe4 {[%emt 0:00:13] Weighted Error Value: White=1.15/Black=0.88} 0-1

[Event "Czech Open-E Teams 2022"]
[Site "Pardubice"]
[Date "2022.07.17"]
[Round "7.40"]
[White "Kacirek, Pavel"]
[Black "Babicka, Michal"]
[Result "1/2-1/2"]
[ECO "D05"]
[WhiteElo "1859"]
[BlackElo "1989"]
[Annotator "RC"]
[PlyCount "40"]
[EventDate "2022.07.14"]
[EventType "team-tourn"]
[EventCountry "CZE"]
[SourceTitle "playchess.com"]
[Source "ChessBase"]
[SourceQuality "1"]
[TimeControl "5400+30"]

1. d4 Nf6 2. Nf3 d5 3. e3 e6 4. Be2 c5 5. b3 Nc6 6. Bb2 cxd4 7. Nxd4 Bb4+ 8. c3 Bd6 9. Nxc6 bxc6 10. Nd2 O-O 11. O-O a5 12. Qc2 Ba6 13. Bxa6 Rxa6 14. e4 Qc7 15. h3 Bf4 16. c4 Be5 17. cxd5 Bxb2 18. Qxb2 cxd5 19. Rac1 Qb7 20. exd5 Nxd5 1/2-1/2

[Event "Czech Open-E Teams 2022"]
[Site "Pardubice"]
[Date "2022.07.17"]
[Round "7.41"]
[White "Bartos, Jan"]
[Black "Bouska, Jiri"]
[Result "0-1"]
[ECO "E91"]
[WhiteElo "2142"]
[BlackElo "2157"]
[Annotator "RC"]
[PlyCount "70"]
[EventDate "2022.07.14"]
[EventType "team-tourn"]
[EventCountry "CZE"]
[SourceTitle "playchess.com"]
[Source "ChessBase"]
[SourceQuality "1"]
[TimeControl "5400+30"]

1. d4 Nf6 2. c4 g6 3. Nc3 Bg7 4. e4 d6 5. Nf3 O-O 6. Be2 c5 7. d5 e6 8. O-O exd5 9. exd5 Re8 10. h3 Bf5 11. Bd3 Bxd3 12. Qxd3 Na6 13. a3 Nc7 14. Rb1 Qd7 15. b4 b6 16. bxc5 bxc5 17. Bd2 Rab8 18. Qc2 Na8 19. Rxb8 Rxb8 20. Rb1 Qd8 21. Nb5 a6 22. Na7 Rxb1+ 23. Qxb1 Qb6 24. Qxb6 Nxb6 25. Bc1 Nxc4 26. Nd2 Nxd2 27. Bxd2 Nxd5 28. Nc8 Be5 29. g3 c4 30. Bc1 Nc3 31. Kf1 Na2 32. Bh6 c3 33. Ne7+ Kh8 34. Nd5 c2 35. Nb4 Nxb4 0-1

[Event "Czech Open-E Teams 2022"]
[Site "Pardubice"]
[Date "2022.07.17"]
[Round "7.42"]
[White "Lihotsky, Lukas"]
[Black "Pokorny, Petr"]
[Result "1/2-1/2"]
[ECO "D31"]
[WhiteElo "1935"]
[BlackElo "2139"]
[Annotator "TA"]
[PlyCount "20"]
[EventDate "2022.07.14"]
[EventType "team-tourn"]
[EventCountry "CZE"]
[SourceTitle "playchess.com"]
[Source "ChessBase"]
[SourceQuality "1"]
[TimeControl "5400+30"]

1. d4 d5 2. c4 e6 3. Nc3 c6 4. e4 Bb4 5. cxd5 exd5 6. e5 {[%emt 0:01:48] D31: Queen's Gambit Declined: Semi-Slav without ...Nf6 (+ Marshall Gambit and Noteboom) and Exchange Variation lines without ...Nf6.} c5 7. a3 Bxc3+ 8. bxc3 Nc6 9. Be3 (9. Be2 $14) 9... Nge7 $11 {[%emt 0:04:56] [#]} 10. Nf3 $146 ({Predecessor:} 10. Bd3 cxd4 11. cxd4 Bf5 12. Ne2 Qa5+ 13. Bd2 Qc7 14. Bxf5 Nxf5 15. Qc2 Qd7 16. Qd3 {1-0 (39) Cmilyte,V (2467)-Cosma,E (2370) Predeal 2007}) 10... Qa5 {[%emt 0:06:43] Black took control after the opening.  Weighted Error Value: White=0.13 (very precise) /Black=0.04 (flawless)} 1/2-1/2

[Event "Czech Open-E Teams 2022"]
[Site "Pardubice"]
[Date "2022.07.17"]
[Round "7.43"]
[White "Lamser, Jan"]
[Black "Stocek, Martin"]
[Result "0-1"]
[ECO "A80"]
[WhiteElo "2124"]
[BlackElo "1851"]
[Annotator "TA"]
[PlyCount "50"]
[EventDate "2022.07.14"]
[EventType "team-tourn"]
[EventCountry "CZE"]
[SourceTitle "playchess.com"]
[Source "ChessBase"]
[SourceQuality "1"]
[TimeControl "5400+30"]

1. d4 f5 2. Nf3 Nf6 3. g3 e6 4. Bg2 d5 5. O-O Bd6 6. c4 c6 7. b3 Qe7 8. Nbd2 Nbd7 9. Bb2 Ne4 10. Ne5 Nxd2 11. Qxd2 O-O 12. Nd3 Nf6 13. f3 b6 {[%emt 0:07:25] [#] A90: Dutch Defence: Miscellaneous and Modern Stonewall (with ...Bd6).} 14. Nf2 $146 ({Predecessor:} 14. Rae1 Bb7 15. e3 Rac8 16. Nf2 dxc4 17. bxc4 Bb4 18. Bc3 Bxc3 19. Qxc3 c5 20. Nd3 cxd4 21. exd4 {½-½ (119) Aubert,E (1854)-Defromont,B (2132) Avoine 2018}) 14... e5 15. cxd5 cxd5 {[%emt 0:08:59] The position is equal.} 16. e4 dxe4 17. fxe4 Bb7 18. d5 (18. exf5 $11 {remains equal.} Bxg2 19. Kxg2) 18... Bc5 $17 {[%emt 0:06:59] [#] White must now prevent ...Nxe4.} 19. Kh1 (19. d6 $142 Rfd8 20. exf5 Bxg2 21. Kxg2) 19... Rad8 20. Qg5 (20. Qe2 $17) 20... Ba6 $19 21. exf5 ({Don't blunder} 21. Qxf5 $2 Bxf1 22. Bxf1 Nd7 $19) 21... Bxf1 ({Weaker is} 21... Nxd5 22. Qxe7 Nxe7 23. Ne4) 22. Rxf1 Nxd5 23. Ne4 {[%emt 0:01:38] [#]} (23. Qxe7 {is a better defense.} Bxe7 24. Be4) 23... Qxg5 {[%emt 0:03:14] Black is clearly winning.} 24. Nxg5 Ne3 $1 25. Ne6 (25. Rb1 $142 Nxg2 26. Ne6) 25... Nxf1 {[%emt 0:00:26] White did not feel at home in the position after the opening.  Weighted Error Value: White=0.87/Black=0.03 (flawless)} 0-1

[Event "Czech Open-E Teams 2022"]
[Site "Pardubice"]
[Date "2022.07.17"]
[Round "7.44"]
[White "Juchelka, Marek"]
[Black "Hruska, Jan"]
[Result "0-1"]
[ECO "C97"]
[WhiteElo "1803"]
[BlackElo "2145"]
[Annotator "TA"]
[PlyCount "126"]
[EventDate "2022.07.14"]
[EventType "team-tourn"]
[EventCountry "CZE"]
[SourceTitle "playchess.com"]
[Source "ChessBase"]
[SourceQuality "1"]
[TimeControl "5400+30"]

1. e4 e5 2. Nf3 Nc6 3. Bb5 a6 4. Ba4 Nf6 5. O-O Be7 6. Re1 b5 7. Bb3 d6 8. c3 O-O 9. h3 Na5 10. Bc2 c5 11. d4 Qc7 12. d5 c4 {[%emt 0:01:00] C97: Closed Ruy Lopez: Chigorin Defence: 11 d4 Qc7, sidelines.} (12... Nd7 $11 {remains equal.}) 13. Be3 Bd7 14. Nbd2 (14. b4 $1 $16 ) 14... Rfb8 {[%emt 0:00:23] [#] The position is equal.} 15. a3 $146 ({Predecessor:} 15. Nh2 b4 16. f4 Ne8 17. f5 Bd8 18. Ng4 Nf6 19. Nf2 h6 20. g4 Nh7 21. Nf3 {½-½ (51) Vetokhin,S (2339)-Stojanovic,D (2485) Arandjelovac 2021}) 15... Bf8 16. Nf1 g6 17. N3h2 Bg7 18. Qd2 Nxe4 19. Bxe4 Nb3 {[%emt 0:00:06][%csl LRa1,LRd2] [#]} 20. Qe2 {[%emt 0:00:37] And now Rad1 would win.} Nxa1 (20... f5 21. Bc2) 21. Rxa1 f5 22. Bc2 a5 23. f4 (23. Rd1 $14) 23... e4 ({Black should try} 23... exf4 $15 24. Bxf4 b4 25. axb4 axb4 26. Rxa8 Rxa8) 24. Qd2 $11 Qb7 25. b3 $2 (25. Ng3 $14) 25... b4 $19 26. axb4 axb4 27. Rxa8 Rxa8 28. bxc4 $2 (28. cxb4 c3 29. Qd1) 28... Bxc3 29. Qc1 Ra1 30. Bb1 Ba4 31. Nd2 Qg7 32. Nhf1 b3 33. Qe1 b2 {[%emt 0:01:00][%mdl 1024] Threatens to win with ...Bc2. Black has strong compensation.} 34. Qh4 $2 (34. Qe2) 34... Bf6 35. Qf2 Bd1 {[%emt 0:05:29] Inhibits g4.} (35... Bb3 $142 36. Qe2 Qc7 $1) 36. Kh2 (36. c5 $142) 36... h6 37. c5 Qf7 $2 ({Black should play} 37... dxc5 $19 {[%cal Oc5c4] Strongly threatening ...c4!} 38. Bxc5 Bb3 $1 ) 38. Bd4 $11 dxc5 (38... Bxd4 $11 {keeps the balance.} 39. Qxd4 Qg7) 39. Bxf6 $16 Qxf6 40. Qxc5 {[%emt 0:00:18] aiming for d6.} Be2 41. Qc8+ (41. Ng3 $1 $16 Bd3 42. d6) 41... Qf8 $11 42. Qe6+ Qf7 {[%emt 0:00:16] ...Qxe6 is the strong threat. The board is on fire.} 43. Qc8+ Kh7 {[%emt 0:00:40] Hoping for ...Bxf1.} (43... Qf8 $5 44. Qe6+ Kh7 $11) 44. d6 {[%emt 0:00:43] Black must now prevent d7.} Ra7 {[%emt 0:00:08] Prevents d7.} (44... Bxf1 $2 45. d7 Ra8 46. Qxa8 $18) 45. Ba2 $2 {[%emt 0:03:40][%mdl 8192] Against Qd5} Qg7 $2 {[%emt 0:05:48] [#]} (45... Rxa2 46. d7 Ra8 47. Qxa8 $11) (45... Qxa2 $19 46. d7 b1=Q) 46. Be6 $2 (46. Ne3 $1 $14 {stays ahead.} Rxa2 47. d7) 46... Bxf1 $17 47. d7 $2 {[%emt 0:00:23][%mdl 8192] [#]} (47. Qb8 $15) 47... Rxd7 $3 $19 48. Bxd7 {[%emt 0:01:30] [#]} (48. Bg8+ Qxg8) 48... e3 $1 49. Nb1 e2 $2 (49... Bd3 $19 50. Nc3 e2 51. Nxe2 b1=Q) 50. Qe8 $11 h5 51. Bc6 Qc7 52. Kg3 {[%emt 0:04:15][%mdl 8192] [#]} (52. Kg1 $11) 52... h4+ $1 $19 {[%emt 0:01:40][%mdl 64] Deflection, Decoy} (52... Qxc6 53. Qf7+ Kh8 54. Qf8+ Kh7 55. Qf7+ Kh8 56. Qf8+ Kh7 57. Qf7+ $11) 53. Kxh4 $2 (53. Kf2 $19 Qxf4+ 54. Bf3 Qd4+ 55. Ke1 Qb4+ 56. Kf2 Qc5+ 57. Ke1 Bxg2 58. Bxg2 (58. Qd7+ $2 Kh6 $19) 58... Qg1+ 59. Kxe2 Qxg2+ 60. Kd1 Qxh3 61. Kc2) 53... Qxf4+ {[%emt 0:00:20] Black mates.} 54. g4 Qh6+ (54... Qf2+ 55. Kg5 Qd4 56. Qxg6+ Kh8 57. Qh6+ Kg8 58. Qe6+ Kh8 59. Qc8+ Kh7 60. Qxf5+ Kh8 61. Qf8+ Kh7 62. Qh6+ Kg8 63. Qe6+ Kh7 64. Be4+ Kh8 65. Qe8+ Kg7 66. Qe7+ Kg8 67. Bh7+ Kh8 68. Kh6) 55. Kg3 Qxh3+ 56. Kf2 Qh4+ 57. Kf3 fxg4+ 58. Kf4 Qf2+ 59. Kg5 Qf5+ ({Weaker is} 59... e1=Q 60. Qxg6+ Kh8 61. Qh6+ Kg8 62. Bd5+ Qf7 63. Qg6+ Kh8 64. Bxf7 (64. Qxf7 Qe5+ 65. Kh4 Qh2+ 66. Kxg4 Be2+ 67. Kg5 Qg1+ 68. Kf6 Qf2+ 69. Kg5 Qg1+ 70. Kf6 Qf2+ 71. Kg5 Qg1+ $11) 64... Qe5+ 65. Kxg4 Be2+ 66. Kh3 Qe3+ 67. Kh2 (67. Kg2 Qf3+ 68. Kg1 Qf1+ 69. Kh2 Qf4+ 70. Kg2 Qf3+ 71. Kh2 Qf4+ 72. Kh1 Qf3+ 73. Kh2 Qf4+ $11) 67... Qf4+ 68. Kh1 Qf3+ 69. Kh2 Qf4+ 70. Kh1 Qf3+ 71. Kh2 Qf4+ $11) 60. Kh4 Qf6+ 61. Kg3 Kh6 62. Qe3+ g5 63. Qe4 e1=Q+ {[%emt 0:00:36] Weighted Error Value: White=1.00/Black=0.48} 0-1